 Dungeon Sprint DCSS version 0.29-a0-284-gf9362112df (webtiles) character file.

Game seed: 3977087674221619961

7023 mhtbhm the Severer (level 10, 0/114 HPs)
             Began as a Minotaur Berserker on Mar 17, 2022.
             Was a High Priest of Trog.
             Succumbed to Frances's curare-tipped dart
             ... in the Dungeon (Sprint III: "The Ten Rune Challenge").
             The game lasted 00:03:26 (2959 turns).

mhtbhm the Severer (Minotaur Berserker)             Turns: 2959, Time: 00:03:27

Health: 0/114      AC:  4    Str: 26    XL:     10   Next: 82%
Magic:  9/9        EV: 16    Int:  4    God:    Trog [*****.]
Gold:   20         SH:  0    Dex: 10    Spells: 9/9 levels left

rFire   . . .      SeeInvis .   a - +6 broad axe (vorpal)
rCold   . . .      Faith    .   (no shield)
rNeg    . . .      Spirit   .   b - +2 robe {Archmagi}
rPois   .          Reflect  .   (helmet restricted)
rElec   .          Harm     .   (no cloak)
rCorr   .          Rampage  .   (no gloves)
Will    +....      Archmagi +   (no boots)
Stlth   ++........ NoTele   +   (no amulet)
HPRegen 0.29/turn               (no ring)
MPRegen 0.11/turn               (no ring)

@: lethally poisoned (0 -> -1), on berserk cooldown, slowed, very slow
A: horns 2, retaliatory headbutt, strong-willed 1
a: Renounce Religion, Berserk, Trog's Hand, Brothers in Arms


You were in the Dungeon.
You worshipped Trog.
Trog was extremely pleased with you.
You visited 1 branch You collected 20 gold pieces.

Inventory:

Hand Weapons
 a - a +6 vorpal broad axe (weapon)
Missiles
 r - 6 javelins (quivered)
Armour
 b - a +2 robe of the Archmagi (worn)
Wands
 i - a wand of flame (26)
 p - a wand of paralysis (9)
Scrolls
 h - a scroll of blinking
 j - a scroll of immolation {unknown}
 k - 2 scrolls of identify {unknown}
 m - a scroll of torment {unknown}
Potions
 c - 2 potions of curing
 d - 3 potions of heal wounds
 e - a potion of haste
 f - 2 potions of magic
 g - a potion of berserk rage
 l - a potion of might
 n - 2 potions of flight
 o - 4 potions of mutation
Miscellaneous
 q - a phantom mirror


   Skills:
 + Level 18.6 Fighting
 + Level 20.5 Axes
 + Level 6.2 Armour
 + Level 11.7 Dodging
 + Level 3.1 Stealth


You had 9 spell levels left.
You didn't know any spells.
Your spell library was empty.

Dungeon Overview and Level Annotations

Branches:
Dungeon (1/1)

Altars:
Cheibriados
Dithmenos
Elyvilon
Fedhas
Gozag
Hepliaklqana
Kikubaaqudgha
Makhleb
Nemelex Xobeh
Okawaru
Qazlal
Ru
Sif Muna
Trog
Uskayaw
Vehumet
Wu Jian
Xom
Yredelemnul
Zin
The Shining One
Beogh
Jiyva
Lugonu

Annotations:
D Donald


Innate Abilities, Weirdness & Mutations

You have a pair of horns on your head.
You reflexively headbutt those who attack you in melee.
You are strong-willed. (Will+)


Message History

You slash Frances!
Frances chants phrases taken from a devil's mouth.
The shard of ice hits you!!!
* * * LOW HITPOINT WARNING * * *
Donald hits you with a +2 war axe of holy wrath!
* * * LOW HITPOINT WARNING * * *
Unknown command.
Press: ? - help, v - describe, . - travel
Here: Donald, wielding a +2 war axe of holy wrath, wearing a +0 scale mail and wearing a +0 kite shield of reflection (moderately wounded, strong)
The floor.
You carve Frances like a ham!!!
You kill Frances!
Trog accepts your kill.
Trog appreciates your killing of a magic user.
Donald blocks your attack.
You feel sick.
Your troll rages.
Donald gestures wildly while chanting.
Donald seems to speed up.
Your Stealth skill increases to level 3!
Unknown command.
You feel sick.
Donald hits your troll with a +2 war axe of holy wrath!!!
You feel a strong urge to attack something.
You feel sick.
Your troll bites Donald but does no damage.
Your troll claws Donald!
Your troll claws Donald.
Donald hits your troll with a +2 war axe of holy wrath!!!
Your troll dies!
Your troll's corpse disappears in a puff of smoke!
Unknown command.
Donald blocks your attack.
Donald is moderately wounded.
You feel sick.
Donald hits you with a +2 war axe of holy wrath!!
* * * LOW HITPOINT WARNING * * *
Unknown command.
You are no longer berserk.
You are exhausted.
You feel as though you will be slow longer.
You die...

'#
.#+#####################
.#....#.#.#.....#^.....+
.##.#..#.##)###.#^.^...#
.'##)#.#.##)#.)##......#
.#..)#..#..##..'....^..#
▓▓▓▓▓▓▓▓▓▓▓▓▓▓▓#.......#
≈.....)..≈≈≈...#.^.^...#
≈≈≈≈≈≈≈≈≈≈≈♣♣..'@.^.^^.#
♣♣♣♣♣♣♣♣♣♣♣♣♣..#......^#
♣♣♣##@###### ♣♣♣ #)..+
..## #...# ##.# #...#
#)##+ ##### #...# ##..#


You could see Donald (fast, strong).

Vanquished Creatures
  Frances (D)
  Erolcha (D)
  Urug (D)
  A deep elf pyromancer (D)
  A lindwurm (D)
  2 cane toads (D)
  A rime drake (D)
  A komodo dragon (D)
  2 tyrant leeches (D)
  A shadow (D)
  5 redbacks (D)
  A spatial vortex (D)
  A swamp drake (D)
  5 two-headed ogres (D)
  A water elemental (D)
  A necrophage (D)
  A jelly (D)
  Jessica (D)
  A necromancer (D)
  A wizard (D)
  3 humans (D)
  A kobold demonologist (D)
  A phantom (D)
  3 wandering mushrooms (D)
  An endoplasm (D)
  2 rats (D)
41 creatures vanquished.

Vanquished Creatures (others)
  3 plants (D)
3 creatures vanquished.

Grand Total: 44 creatures vanquished

Notes
Turn   | Place    | Note
-------+----------+-------------------------------------------
     0 | D        | mhtbhm the Minotaur Berserker began the quest for the Orb.
     0 | D        | Reached XP level 1. HP: 19/19 MP: 0/0
     8 | D        | Reached skill level 4 in Axes
    17 | D        | Noticed Jessica
    20 | D        | Reached ** piety under Trog
    23 | D        | Killed Jessica
    24 | D        | Reached skill level 5 in Fighting
    24 | D        | Reached skill level 5 in Axes
    24 | D        | Reached XP level 2. HP: 30/30 MP: 1/1
    24 | D        | Reached XP level 3. HP: 37/37 MP: 2/2
   105 | D        | Reached skill level 6 in Axes
   170 | D        | Gained mutation: You possess an exceptional clarity of
                  | mind. [potion of mutation]
   170 | D        | Lost mutation: You possess an exceptional clarity of mind.
                  | [potion of mutation]
   170 | D        | Gained mutation: You are strong-willed. (Will+) [potion of
                  | mutation]
   185 | D        | Noticed a water elemental
   192 | D        | Killed a water elemental
   192 | D        | Reached *** piety under Trog
   193 | D        | Reached skill level 8 in Axes
   193 | D        | Reached XP level 4. HP: 14/48 MP: 3/3
   435 | D        | Found a basalt altar of Yredelemnul.
   435 | D        | Found a shadowy altar of Dithmenos.
   435 | D        | Found a sacrificial altar of Ru.
   435 | D        | Noticed a necrophage
   449 | D        | Killed a necrophage
   450 | D        | Reached skill level 9 in Axes
   450 | D        | Reached XP level 5. HP: 43/57 MP: 4/4
   516 | D        | Found a hide-covered altar of Uskayaw.
   516 | D        | Found an iron altar of Okawaru.
   516 | D        | Found a bloodstained altar of Trog.
   516 | D        | Found an ornate altar of the Wu Jian Council.
   516 | D        | Noticed a human
   516 | D        | Noticed a human
   522 | D        | Killed a human
   522 | D        | Reached **** piety under Trog
   523 | D        | Reached skill level 10 in Fighting
   523 | D        | Reached skill level 11 in Axes
   523 | D        | Reached skill level 5 in Dodging
   523 | D        | Reached XP level 6. HP: 67/67 MP: 5/5
   530 | D        | Killed a human
   531 | D        | Reached skill level 12 in Axes
   531 | D        | Reached skill level 5 in Armour
   583 | D        | Found a glowing silver altar of Zin.
   583 | D        | Found a glowing golden altar of the Shining One.
   583 | D        | Found a white marble altar of Elyvilon.
   584 | D        | Noticed a deep elf pyromancer
   586 | D        | Noticed a fire elemental
   586 | D        | Noticed a fire elemental
   588 | D        | Killed a deep elf pyromancer
   589 | D        | Reached skill level 14 in Axes
   589 | D        | Reached XP level 7. HP: 79/79 MP: 6/6
   646 | D        | Found a radiant altar of Vehumet.
   646 | D        | Found a shimmering blue altar of Sif Muna.
   646 | D        | Found an ancient bone altar of Kikubaaqudgha.
   651 | D        | Noticed a chaos spawn
   652 | D        | Reached ***** piety under Trog
   716 | D        | Noticed a shadow
   721 | D        | Killed a shadow
   722 | D        | Reached XP level 8. HP: 80/86 MP: 7/7
   732 | D        | Found a blossoming altar of Fedhas.
   732 | D        | Found a stormy altar of Qazlal.
   732 | D        | Found a snail-covered altar of Cheibriados.
   732 | D        | Found a burning altar of Makhleb.
   732 | D        | Found a shimmering altar of Xom.
   736 | D        | Found a hazy altar of Hepliaklqana.
   736 | D        | Found an opulent altar of Gozag.
   736 | D        | Found a sparkling altar of Nemelex Xobeh.
   736 | D        | Found a corrupted altar of Lugonu.
   736 | D        | Found a viscous altar of Jiyva.
   807 | D        | Reached skill level 15 in Axes
   813 | D        | Reached ****** piety under Trog
   904 | D        | Noticed a two-headed ogre
   911 | D        | Killed a two-headed ogre
   911 | D        | Received a gift from Trog
   956 | D        | Noticed a two-headed ogre
   956 | D        | Noticed Erolcha
   963 | D        | Killed Erolcha
   964 | D        | Reached skill level 15 in Fighting
   964 | D        | Reached skill level 16 in Axes
   964 | D        | Reached XP level 9. HP: 77/97 MP: 2/8
   966 | D        | Killed a two-headed ogre
   967 | D        | Reached skill level 17 in Axes
  1564 | D        | Noticed a wandering mushroom
  1571 | D        | Noticed a wandering mushroom
  1573 | D        | Noticed a wandering mushroom
  1788 | D        | Received a gift from Trog
  2023 | D        | Noticed a cane toad
  2023 | D        | Noticed a komodo dragon
  2023 | D        | Noticed a cane toad
  2026 | D        | Killed a cane toad
  2027 | D        | Reached skill level 18 in Axes
  2029 | D        | Killed a cane toad
  2030 | D        | Reached skill level 10 in Dodging
  2032 | D        | Killed a komodo dragon
  2033 | D        | Reached skill level 1 in Stealth
  2033 | D        | Reached XP level 10. HP: 110/110 MP: 9/9
  2140 | D        | Reached skill level 19 in Axes
  2148 | D        | Identified the +10 triple sword "Killer Bee's Bane"
                  | {vorpal, Str+3 Dex+7} (Trog gifted it to you in the
                  | Dungeon)
  2148 | D        | Received a gift from Trog
  2509 | D        | Noticed a lindwurm
  2512 | D        | Killed a lindwurm
  2604 | D        | Noticed Urug
  2609 | D        | Killed Urug
  2610 | D        | Reached skill level 20 in Axes
  2946 | D        | Noticed Donald
  2946 | D        | Noticed Frances
  2955 | D        | Killed Frances
  2958 | D        | HP: 1/171 [Donald/+2 war axe of holy wrath (28)]
  2959 | D        | Succumbed to Frances's curare-tipped dart

Illustrated notes

Levels and vault maps discovered:
D:        dungeon_sprint_mu [sprint_mu_entry_forest, sprint_mu_temple_rooms,
          sprint_mu_d1_spiders, sprint_mu_d2_genie, sprint_mu_d3_branching,
          sprint_mu_orc_legion, sprint_mu_elf_gauntlet, sprint_mu_hive_nellie,
          sprint_mu_lair_fedhas, sprint_mu_vaults_butterflies,
          sprint_mu_slime_circle, sprint_mu_swamp_cave, sprint_mu_shoals_archi,
          sprint_mu_blade_basic, sprint_mu_crypt_fortress,
          sprint_mu_tomb_spiral, sprint_mu_vestibule_basic,
          sprint_mu_gehenna_hellfire, sprint_mu_dis_giant,
          sprint_mu_tartarus_statrot, sprint_mu_cocytus_islands, sprint_mu_zot1]

Skill      XL: |  1  2  3  4  5  6  7  8  9 10 |
---------------+-------------------------------+-----
Fighting       | 5 7 9 10 13 15 16 18 | 18.6
Axes           | 5 8 9 11 14 16 18 20 | 20.5
Armour         | 3 4 5 6 |  6.2
Dodging        | 3 4 5 6 7 8 10 11 | 11.7
Stealth        | 1 3 |  3.1

Action                   |  1- 3 |  4- 6 |  7- 9 | 10-12 || total
-------------------------+-------+-------+-------+-------++-------
Melee: Hand axe          |    19 |    30 |    35 |       ||    84
       Headbutt          |     4 |     6 |    17 |     9 ||    36
       Battleaxe         |       |       |    29 |       ||    29
       Punch             |       |       |     1 |       ||     1
       Broad axe         |       |       |     9 |    36 ||    45
Invok: Berserk           |     3 |     2 |     5 |     3 ||    13
       Brothers in Arms  |       |       |       |     1 ||     1
  Use: Potion            |     1 |       |       |       ||     1
 Stab: Sleeping          |       |       |       |     1 ||     1
Armor: Robe              |     2 |     1 |     3 |       ||     6
Dodge: Dodged            |     6 |     4 |    29 |     8 ||    47

Table legend: (Time is in decaauts)
 A = Elapsed time spent in this place.
 B = Non-inter-level travel time spent in this place.
 C = Inter-level travel time spent in this place.
 D = Time resting spent in this place.
 E = Time spent auto-exploring this place.
 F = Levels seen in this place.
 G = Mean time per level.
                   A        B        C        D        E       F      G
               +--------+--------+--------+--------+--------+-----+--------+
         Total |   3043 |   3002 |     41 |   2487 |      1 |   1 | 3043.0 |
       Dungeon |   3043 |   3002 |     41 |   2487 |      1 |   1 | 3043.0 |
               +--------+--------+--------+--------+--------+-----+--------+

Top non-repeatable levels by time:
       D: 3043 daAuts
